 Dungeon Crawl Stone Soup version 0.19-a0-1902-g8424084 (webtiles) character file.

15355 Softman25 the Destroyer (level 12, -1/75 HPs)
             Began as a High Elf Conjurer on Oct 20, 2016.
             Was a Priest of Sif Muna.
             Killed by divine providence
             ... invoked by an orc priest
              (17 damage)
             ... on level 11 of the Dungeon.
             The game lasted 01:07:30 (16963 turns).

Softman25 the Destroyer (High Elf Conjurer)        Turns: 16963, Time: 01:07:30

Health: -1/75      AC:  8    Str:  9    XL:     12   Next: 0%
Magic:  26/26      EV: 16    Int: 24    God:    Sif Muna [***...]
Gold:   116        SH:  0    Dex: 17    Spells: 6 memorised, 9 levels left

rFire  . . .     SeeInvis .     F - +2 long sword (elec)
rCold  . . .     Gourm    .     D - +1 leather armour {rPois}
rNeg   . . .     Faith    .     (no shield)
rPois  +         Spirit   .     (no helmet)
rElec  .         Reflect  .     B - +0 cloak
rCorr  .         Harm     .     (no gloves)
MR     +....                    v - +0 pair of boots
Stlth  ++........               (no amulet)
                                (no ring)
                                x - +3 ring of slaying

@: no status effects
A: slimy green scales 1, strong 1, sturdy frame 1
a: Divine Energy, Channel Magic, Renounce Religion


You were on level 11 of the Dungeon.
You worshipped Sif Muna.
Sif Muna was most pleased with you.
You were not hungry.

You visited 2 branches of the dungeon, and saw 12 of its levels.

You collected 676 gold pieces.
You spent 560 gold pieces at shops.

Inventory:

Hand Weapons
 F - a +2 long sword of electrocution (weapon)
Missiles
 I - 2 poisoned tomahawks (quivered)
Armour
 i - a +2 cloak
 v - a +0 pair of boots (worn)
 B - a +0 cloak (worn)
 D - a +1 leather armour of poison resistance (worn)
Jewellery
 x - a +3 ring of slaying (left hand)
Wands
 w - a wand of flame (1/48)
 z - a wand of enslavement (11/24)
 H - a wand of paralysis (12/24)
Scrolls
 a - a scroll of enchant weapon
 f - 5 scrolls of fear
 j - a scroll of magic mapping
 l - 4 scrolls of remove curse {@r2}
 t - 2 scrolls of fog
 u - a scroll of enchant armour
 y - 2 scrolls of recharging
 A - a scroll of brand weapon {unknown}
Potions
 d - 5 potions of lignification
 g - 4 potions of berserk rage
 k - a potion of agility
 q - 2 potions of might
 r - a potion of ambrosia
 s - a potion of magic
 E - a potion of flight
 G - a potion of mutation
Books
 b - a book of Conjurations

   Spells                             Type                      Level
   a - Magic Dart                     Conjuration                  1
   b - Searing Ray                    Conjuration                  2
   c - Dazzling Spray                 Conjuration/Hexes            3
   d - Fulminant Prism                Conjuration/Hexes            4
   e - Iskenderun's Mystic Blast      Conjuration                  4
   f - Iskenderun's Battlesphere      Conjuration/Charms           5
 h - a book of Frost

   Spells                             Type                      Level
   a - Freeze                         Ice                          1
   b - Throw Frost                    Conjuration/Ice              2
   c - Ozocubu's Armour               Charms/Ice                   3
   d - Throw Icicle                   Conjuration/Ice              4
   e - Summon Ice Beast               Ice/Summoning                4
Comestibles
 c - 6 bread rations
 m - 2 beef jerkies
 o - 5 meat rations
 p - 6 slices of pizza


   Skills:
 - Level 4.4 Fighting
   Level 2.5(4.5) Short Blades
 - Level 5.9(6.2) Long Blades
 - Level 6.9 Dodging
 - Level 2.5 Stealth
 + Level 9.2 Spellcasting
 + Level 9.5 Conjurations
 - Level 9.2 Charms
 - Level 5.4 Summonings
 + Level 6.3 Ice Magic
 - Level 6.4 Invocations


You had 9 spell levels left.
You knew the following spells:

 Your Spells              Type           Power        Failure   Level  Hunger
a - Magic Dart            Conj           ####         1%          1    None
b - Searing Ray           Conj           ######       1%          2    None
c - Iskenderun's Mystic   Conj           ######..     1%          4    ##.....
d - Iskenderun's Battles  Conj/Chrm      ######..     4%          5    ####...
e - Throw Icicle          Conj/Ice       #####...     2%          4    ##.....
f - Summon Ice Beast      Ice/Summ       #####...     8%          4    ##.....


Dungeon Overview and Level Annotations

Branches:
Dungeon (11/15)            Temple (1/1) D:7            Lair (0/6) D:8
    Orc (0/2) D:9

Altars:
Ashenzari
Cheibriados
Dithmenos
Elyvilon
Fedhas
Gozag
Hepliaklqana
Kikubaaqudgha
Makhleb
Nemelex Xobeh
Okawaru
Qazlal
Ru
Sif Muna
Trog
Uskayaw
Vehumet
Xom
Yredelemnul
Zin
The Shining One
Beogh

Shops:
D:9 :


Innate Abilities, Weirdness & Mutations

You are partially covered in slimy green scales. (AC +2)
Your muscles are strong. (Str +2)
Your movements are slightly less encumbered by armour. (ER -2)


Message History

* * * LOW HITPOINT WARNING * * *
The orc priest casts a cantrip, but nothing happens.
You are confused.
You feel invigorated. The yak completely misses you.
You feel less invigorated.
You feel less confused.
The orc priest casts a cantrip, but nothing happens.
The yak misses you.
You riposte.
You hit the yak.
There is a sudden explosion of sparks!
You kill the yak!
Sif Muna accepts your kill.
You have reached level 12!
Your experience leads to an increase in your attributes!
Your base attributes are Str 7, Int 23, Dex 16.
Increase (S)trength, (I)ntelligence, or (D)exterity?
You feel clever.
You feel agile.
A water moccasin comes into view.
The orc priest invokes the aid of Beogh against you.
Beogh smites you!
You die...

####..###..##.####.##....# #.#.#
.....##.##..#.##......#..# #.#.#
##..##...##...##.#.##...## #.#.#
#..##..#..##.S##.#....... ..#.#
..##..#.#..##.....####.### ###.##
###..#._.#..###...# #.# #....#
..##..#.#..##....#####.### #...)#
#..##..#..##......(<.....# #>....
##..#'...##...Y.@#####.#.# ##.##.
.)...##.##.......# #.#.# #.##.
####..###..#.o..## #.#.####.##. #
#...#..##....# #.#.#....... ##
#...#........# #.....##.##.
.#####...####...########.####(##.
<.#####..# #............####.##.
...Y.....# #..######.........)).
..######## #..######.#.......###


You could see a yak, a water moccasin (wandering) and an orc priest.

Vanquished Creatures
  The ghost of Ultraviolent4 the Chopper, a novice FoFi of Okawaru (D:8)
  4 hill giants (D:10)
  A cyclops (D:11)
  Maurice (D:10)
  A kobold demonologist (D:8)
  A troll (D:9)
  A two-headed ogre (D:11)
  19 yaks
  4 hogs (D:9)
  A human (D:9)
  Sigmund (D:3)
  Eustachio (D:6)
  Menkaure (D:7)
  Edmund (D:6)
  A water moccasin (D:7)
  12 orc warriors
  A sky beast (D:6)
  A black bear (D:9)
  An ice beast (D:6)
  3 phantoms
  5 centaurs
  5 ogres
  A crocodile (D:9)
  2 big kobolds
  8 bullfrogs
  2 scorpions
  3 wights (D:6)
  15 killer bees
  5 howler monkeys
  6 crimson imps
  5 centaur zombies
  7 hounds
  A quasit (D:6)
  3 bullfrog skeletons
  7 orc wizards
  6 jellies
  12 orc priests
  3 centaur skeletons
  Terence (D:2)
  5 iguanas
  18 worker ants
  A killer bee zombie (D:9)
  2 hound skeletons
  A worker ant zombie (D:9)
  11 adders
  10 gnolls
  A howler monkey skeleton (D:5)
  A shadow imp (D:5)
  7 oozes
  An adder skeleton (D:8)
  A dart slug (D:1)
  5 leopard geckos
  76 orcs
  11 giant cockroaches
  3 goblins
  4 hobgoblins
  17 jackals
  18 kobolds
  4 quokkas
  2 ball pythons (D:1)
  7 bats
  6 frilled lizards
  A jackal zombie (D:8)
  A leopard gecko skeleton (D:6)
  A leopard gecko zombie (D:5)
  A quokka skeleton (D:8)
  13 rats
383 creatures vanquished.

Vanquished Creatures (collateral kills)
  A yak (D:11)
  A phantom (D:11)
  2 orc wizards (D:11)
  An orc (D:11)
5 creatures vanquished.

Grand Total: 388 creatures vanquished

Notes
Turn   | Place    | Note
-------+----------+-------------------------------------------
     0 | D:1      | Softman25 the High Elf Conjurer began the quest for the Orb.
     0 | D:1      | Reached XP level 1. HP: 11/11 MP: 4/4
     1 | D:1      | Found a runed door.
   352 | D:1      | Reached XP level 2. HP: 5/17 MP: 0/6
   360 | D:1      | Learned a level 2 spell: Searing Ray
  1059 | D:1      | Reached XP level 3. HP: 21/21 MP: 3/8
  1376 | D:2      | Reached skill level 5 in Conjurations
  1392 | D:2      | Reached XP level 4. HP: 27/27 MP: 1/11
  1397 | D:2      | Noticed Terence
  1511 | D:2      | Killed Terence
  1511 | D:2      | Reached skill level 1 in Fighting
  2136 | D:2      | Reached XP level 5. HP: 35/35 MP: 10/12
  2156 | D:2      | Learned a level 4 spell: Iskenderun's Mystic Blast
  2162 | D:2      | Learned a level 5 spell: Iskenderun's Battlesphere
  2313 | D:3      | Noticed Sigmund
  2325 | D:3      | Killed Sigmund
  2325 | D:3      | Reached XP level 6. HP: 34/44 MP: 5/13
  2593 | D:3      | Reached skill level 1 in Short Blades
  3597 | D:4      | Noticed an orc warrior
  3969 | D:4      | Reached skill level 1 in Charms
  4413 | D:5      | Entered Level 5 of the Dungeon
  4500 | D:5      | Reached XP level 7. HP: 49/49 MP: 2/14
  4656 | D:5      | Found a burning altar of Makhleb.
  4670 | D:5      | Found a radiant altar of Vehumet.
  4768 | D:5      | Found a sacrificial altar of Ru.
  4846 | D:5      | Reached skill level 5 in Spellcasting
  5148 | D:5      | Found an iron altar of Okawaru.
  5262 | D:6      | Found an iron altar of Okawaru.
  5471 | D:6      | Noticed Edmund
  5493 | D:6      | Found a runed door.
  5510 | D:6      | Reached XP level 8. HP: 33/54 MP: 8/17
  5706 | D:6      | Found a runed door.
  5810 | D:6      | Reached skill level 5 in Charms
  6424 | D:6      | Killed Edmund
  6806 | D:6      | Found a shattered altar of Ashenzari.
  7388 | D:6      | Reached XP level 9. HP: 59/59 MP: 12/20
  7468 | D:6      | Noticed Eustachio
  7479 | D:6      | Killed Eustachio
  7955 | D:7      | Noticed Menkaure
  7958 | D:7      | Killed Menkaure
  8352 | D:7      | Found a glowing golden altar of the Shining One.
  8561 | D:7      | Found a staircase to the Ecumenical Temple.
  8665 | Temple   | Entered the Ecumenical Temple
  8901 | Temple   | Became a worshipper of Sif Muna the Loreminder
  9163 | D:8      | Found a staircase to the Lair.
  9581 | D:8      | Reached * piety under Sif Muna
  9586 | D:8      | Noticed Ultraviolent4's ghost (novice FoFi)
  9631 | D:8      | Noticed a kobold demonologist
  9643 | D:8      | Noticed a sun demon
  9797 | D:8      | Reached skill level 1 in Invocations
  9797 | D:8      | Reached XP level 10. HP: 65/65 MP: 14/24
  9862 | D:8      | Noticed a soul eater
 10331 | D:8      | Killed Ultraviolent4's ghost
 10900 | D:8      | Reached skill level 5 in Invocations
 11485 | D:9      | Found a roughly hewn altar of Beogh.
 11485 | D:9      | Found a staircase to the Orcish Mines.
 11607 | D:9      | Reached skill level 5 in Long Blades
 11984 | D:9      | Found a roughly hewn altar of Beogh.
 12247 | D:9      | Found Navewn's Book Shop.
 12467 | D:9      | Reached ** piety under Sif Muna
 12695 | D:9      | Reached skill level 5 in Dodging
 12724 | D:9      | Reached XP level 11. HP: 28/70 MP: 0/25
 13725 | D:9      | Bought a book of Frost for 560 gold pieces
 13730 | D:9      | Learned a level 4 spell: Throw Icicle
 13735 | D:9      | Learned a level 4 spell: Summon Ice Beast
 13748 | D:10     | Entered Level 10 of the Dungeon
 13748 | D:10     | Noticed Maurice
 13775 | D:10     | Paralysed by something for 5 turns
 13781 | D:10     | Reached skill level 1 in Ice Magic
 13785 | D:10     | Noticed a hill giant
 13941 | D:10     | Reached skill level 1 in Summonings
 13956 | D:10     | Killed a hill giant
 14006 | D:10     | Noticed a hill giant
 14013 | D:10     | Killed a hill giant
 14215 | D:10     | Killed Maurice
 14336 | D:10     | Gained mutation: Your movements are slightly less encumbered by armour. (ER -2) [potion of mutation]
 14336 | D:10     | Gained mutation: Your muscles are strong. (Str +2) [potion of mutation]
 14336 | D:10     | Gained mutation: You are partially covered in slimy green scales. (AC +2) [potion of mutation]
 15015 | D:10     | Noticed a hill giant
 15018 | D:10     | Killed a hill giant
 15018 | D:10     | Reached *** piety under Sif Muna
 15221 | D:10     | Reached skill level 5 in Ice Magic
 15313 | D:10     | Noticed a hill giant
 15316 | D:10     | Killed a hill giant
 15768 | D:11     | Found a glowing golden altar of the Shining One.
 15953 | D:11     | Reached skill level 5 in Summonings
 16944 | D:11     | HP: 1/70 [yak (15)]
 16955 | D:11     | HP: 1/70 [orc priest/divine providence (13)]
 16960 | D:11     | Reached XP level 12. HP: 15/75 MP: 26/26
 16963 | D:11     | Killed from afar by an orc priest

Vault maps used:
D:1:      dpeg_arrival_caged_fury
D:2:      uniq_terence
D:3:      first_bread, uniq_sigmund
D:5:      grunt_temple_overflow_lords_of_destruction, nicolae_ru_awakened_eye,
          lemuel_round_altar
D:6:      lemuel_insect_pit, nicolae_overflow_hidden_temple, basic_altar,
          uniq_eustachio, uniq_edmund
D:7:      old_standard_altar, uniq_menkaure
D:8:      lair_0_dummy
D:9:      david_orc_5, serial_shops, nicolae_shop_crystal, special_room,
          grunt_livestock, minivault_22
D:10:     uniq_maurice
D:11:     tso_metal_star
Temple:   regret_index_temple_generic_petals

Skill      XL: |  1  2  3  4  5  6  7  8  9 10 11 |
---------------+----------------------------------+-----
Spellcasting   | 3 4 5 7 9 |  9.2
Conjurations   | 5 6 8 9 |  9.5
Fighting       | 2 4 |  4.4
Short Blades   | 2 |  2.5
Charms         | 2 4 6 9 |  9.2
Invocations    | 1 6 |  6.4
Long Blades    | 5 |  5.9
Dodging        | 5 6 |  6.9
Ice Magic      | 6 |  6.3
Summonings     | 5 |  5.4
Stealth        | |  2.5

Action                   |  1- 3 |  4- 6 |  7- 9 | 10-12 || total
-------------------------+-------+-------+-------+-------++-------
Melee: Unarmed           |    13 |       |       |       ||    13
       Dagger            |    30 |    15 |       |       ||    45
       Whip              |     7 |       |       |       ||     7
       Flail             |       |     2 |    35 |       ||    37
       Long sword        |       |       |       |    53 ||    53
Throw: Throwing net      |       |       |     1 |     1 ||     2
       Tomahawk          |       |       |       |     3 ||     3
 Cast: Magic Dart        |    56 |   108 |   295 |   300 ||   759
       Searing Ray       |     2 |     8 |    22 |    18 ||    50
       Iskenderun's Myst |       |     3 |     3 |    18 ||    24
       Iskenderun's Batt |       |       |    11 |    49 ||    60
       Throw Icicle      |       |       |       |    16 ||    16
       Summon Ice Beast  |       |       |       |     9 ||     9
  Use: Scroll            |       |    12 |     7 |     5 ||    24
       Potion            |       |       |     3 |    15 ||    18
  Eat: Chunk             |     1 |     6 |     6 |    10 ||    23
       Meat ration       |       |     1 |     2 |     1 ||     4
       Fruit             |       |       |     7 |     7 ||    14
       Beef jerky        |       |       |       |     1 ||     1
       Bread ration      |       |       |       |     2 ||     2
       Pizza             |       |       |       |     1 ||     1
Armor: Robe              |    18 |    13 |    28 |       ||    59
       Leather armour    |       |       |    37 |    62 ||    99
Dodge: Dodged            |    39 |    43 |   145 |   184 ||   411
       Rpst.: Long sword |       |       |       |    51 ||    51
